[Event "*** Titled Tuesday Blitz"]
[Site "Chess.com"]
[Date "2020.10.20"]
[Round "10"]
[White "Trickov"]
[Black "stolencandy13"]
[Result "1-0"]
[WhiteElo "2356"]
[BlackElo "2446"]
[TimeControl "180+1"]
[EndTime "11:58:32 PDT"]
[Termination "Trickov won on time"]

1. d4 Nf6 2. Nf3 c6 3. c4 g6 4.
Nc3 Bg7 5. g3 O-O 6. Bg2 d5 7.
Qb3 Qb6 8. c5 Qxb3 9. axb3 Na6 10. O-O Nb4 11. Ra4 a5 12. Bf4 Bf5 13. Bc7 Bc2 14.
Bxa5 Na6 15. Nd2 Nd7 16. Rc1 Bf5 17. e4 dxe4 18. Ncxe4 e5 19. dxe5 Bxe5 20. Bc3 Bxc3 21. Rxc3 Rfe8 22. b4 Nc7 23. Rxa8 Rxa8 24. Ra3 Re8 25.
Ra7 Rb8 26. Nd6 Na6 27. Nxf5 gxf5 28. Bxc6 bxc6 29. Rxa6 Rxb4 30. Rxc6 Rxb2 31. Nf3 Kg7 32. Rc7 Nf6 33. Ne5 Ne4 34. Rxf7+ Kg8 35. Rxf5 Rc2 36.
c6 Rc1+ 37. Kg2 h6 38. h4 Nd2 39. h5 Kg7 40. Rf7+ Kg8 41. c7 Ne4 42. Rd7 1-0

[Event "*** Titled Tuesday Blitz"]
[Site "Chess.com"]
[Date "2020.10.20"]
[Round "10"]
[White "AryanTari"]
[Black "VMikhalevski"]
[Result "1-0"]
[WhiteElo "2870"]
[BlackElo "2728"]
[TimeControl "180+1"]
[EndTime "11:58:33 PDT"]
[Termination "AryanTari won by resignation"]

1. b3 e5 2. Bb2 Nc6 3. e3 Nf6 4. Bb5 Bd6 5. Na3 Na5 6. Be2 a6 7. c4 O-O 8. Nc2 Re8 9. Nf3 c5 10. d3 Nc6 11. O-O b5 12. d4 cxd4 13. exd4 e4 14. Nd2 Rb8 15. Ne3 bxc4 16. Ndxc4 Bf8 17. d5 Na7 18. d6 Bb7 19. Qd2 Bc6 20. Rad1 Nc8 21.
Bc3 Na7 22. Nf5 Nb5 23. Ba1 Re6 24. Qg5 Ne8 25. Qg3 Rc8 26. a4 Na7 27. Ne5 Bb7 28.
Bc4 Rxc4 29. Nxc4 Nc6 30. Bc3 Rg6 31. Qf4 a5 32. Rfe1 Nb4 33. Bxb4 axb4 34. Re3 h6 35. Rg3 Rxg3 36. hxg3 Kh7 37. Qe5 Nf6 38. Nfe3 Bc6 39. a5 Qb8 40. a6 Qa7 41. Qa5 Ne8 42. Qb6 Qa8 43. a7 Bb7 44. Ra1 f6 45. Qxb4 h5 46.
Qc5 g6 47. b4 Ng7 48. Nb6 Qe8 49. a8=Q Bxa8 50. Rxa8 Qf7 51. Qd5 Ne6 52. Ra7 Kh6 53. Rxd7 Qg8 54. Nbc4 Bg7 55. b5 Bh8 56. b6 Qe8 57.
Re7 1-0

[Event "*** Titled Tuesday Blitz"]
[Site "Chess.com"]
[Date "2020.10.20"]
[Round "10"]
[White "infinitegiantkiller"]
[Black "cassoulet"]
[Result "1-0"]
[WhiteElo "2408"]
[BlackElo "2677"]
[TimeControl "180+1"]
[EndTime "11:58:33 PDT"]
[Termination "infinitegiantkiller won by checkmate"]

1. d4 Nf6 2. c4 e6 3. Nc3 d5 4. Nf3 Be7 5. e3 O-O 6. Bd3 dxc4 7. Bxc4 a6 8. Be2 b5 9. Ne5 Bb7 10. Bf3 c6 11. O-O Nd5 12. e4 Nxc3 13. bxc3 c5 14.
Be3 cxd4 15. cxd4 Nd7 16. g3 Nxe5 17. dxe5 Qc7 18. Rc1 Qb8 19. Qd7 Ba3 20. Rc7 Bc8 21. Qc6 a5 22. Rd1 Ra6 23. Qc2 b4 24. Be2 Ra8 25.
Rd6 b3 26. axb3 Bxd6 27. exd6 Ba6 28. Bxa6 Rxa6 29. d7 Ra8 30. Bf4 Qb6 31. Rc8 Qb7 32.
Rxf8+ Rxf8 33. Qc7 Qa8 34. Bd6 Rd8 35. Be7 Rxd7 36.
Qxd7 f6 37. Qxe6+ Kh8 38. Qd5 Qe8 39. Qd8 Qxd8 40. Bxd8 a4 41. bxa4 Kg8 42. Bb6 Kf7 43. Be3 Ke6 44. f3 Kd7 45. Kf2 Kc6 46. Ke2 Kb7 47. Kd3 Ka6 48. a5 Kxa5 49. Bd4 Ka4 50. e5 Kb5 51. exf6 Kc6 52. fxg7 Kd5 53. g8=Q+ Kd6 54.
Qxh7 Ke6 55. Qe4+ Kd6 56. Bg1 Kd7 57. h4 Kd6 58. Bh2 Kd7 59. Kd4 Kd6 60. Qe5+ Kd7 61. Kd5 Kd8 62. Qg7 Ke8 63. h5 Kd8 64. h6 Kc8 65. h7 Kb8 66. h8=Q# 1-0

[Event "*** Titled Tuesday Blitz"]
[Site "Chess.com"]
[Date "2020.10.20"]
[Round "10"]
[White "korbul"]
[Black "ftorodent"]
[Result "0-1"]
[WhiteElo "2513"]
[BlackElo "2660"]
[TimeControl "180+1"]
[EndTime "11:58:35 PDT"]
[Termination "ftorodent won by resignation"]

1. e4 c5 2. Nf3 e6 3. d4 cxd4 4. Nxd4 a6 5. Bd3 Bc5 6. Nb3 Be7 7. c4 d6 8. Nc3 Nf6 9. O-O O-O 10. Be3 Nbd7 11.
Nd2 b6 12. f4 Qc7 13. Qf3 Bb7 14. Rac1 Rac8 15. Rfe1 Qb8 16. b3 Rfe8 17. Qh3 g6 18. Nf3 Nc5 19. Bxc5 bxc5 20. Ng5 Nh5 21. Rf1 Bxg5 22. fxg5 e5 23. Rf3 Qc7 24. Rcf1 Re7 25. g4 Nf4 26. Qh4 Qd8 27. Re3 Rd7 28. Qh6 Qf8 29. Bc2 Qxh6 30. gxh6 g5 31. Rd1 Rcd8 32. Rd2 f6 33. Re1 Kf7 34. Red1 Bc6 35. Bd3 Kg6 36. Bf1 Kxh6 37. Nd5 Bxd5 38. cxd5 a5 39. Bb5 Rb7 40.
a4 Kg6 41. Kf2 h5 42. gxh5+ Kxh5 43. Kg3 Rh8 44. Rh1 Kg6 45. h4 Rbh7 46. Rdh2 gxh4+ 47. Rxh4 Rxh4 48. Rxh4 Rxh4 49. Kxh4 f5 50. exf5+ Kxf5 51. Kg3 Ke4 52. Kg4 Kxd5 53. Kg5 Kd4 54. Kf6 e4 55. Ke7 e3 56. Kxd6 Nd3 0-1

[Event "*** Titled Tuesday Blitz"]
[Site "Chess.com"]
[Date "2020.10.20"]
[Round "10"]
[White "elcandado"]
[Black "Oglob71"]
[Result "0-1"]
[WhiteElo "2568"]
[BlackElo "2463"]
[TimeControl "180+1"]
[EndTime "11:58:37 PDT"]
[Termination "Oglob71 won on time"]

1. d4 Nf6 2. Bf4 g6 3. e3 Bg7 4. Be2 O-O 5. Nf3 d6 6. O-O Nh5 7. Bg5 h6 8. Bh4 g5 9. Nfd2 Nf6 10. Bg3 Nbd7 11. c4 e5 12. Nc3 Re8 13. dxe5 Nxe5 14. Qc2 Be6 15. h3 Qe7 16. f4 gxf4 17. exf4 Nc6 18. Nf3 Bd7 19. Rae1 Nb4 20. Qb3 a5 21. a3 Na6 22. Qc2 Qe3+ 23. Bf2 Qxf4 24. Bd3 Nc5 25.
Ne2 Rxe2 26. Rxe2 Nxd3 27. Qxd3 Bc6 28. Bd4 Be4 29. Qc3 c5 30. Be3 Qf5 31. Nd2 Qe6 32. Nxe4 Nxe4 33. Qe1 f5 34. Bf4 Qxc4 35. g4 Bd4+ 36.
Kh2 d5 37. gxf5 Kf7 38. Rg2 Bf6 39. Rf3 Re8 40. Qg1 a4 41. Bxh6 Be5+ 42. Kh1 Ke7 43. Rg8 Kd8 44. Rxe8+ Kxe8 45. Qg8+ Kd7 46. Qe6+ Kd8 47.
Qxe5 Qe2 48. Qxd5+ Kc8 49. Qg8+ Kd7 50. Qe6+ Kc7 0-1

[Event "*** Titled Tuesday Blitz"]
[Site "Chess.com"]
[Date "2020.10.20"]
[Round "10"]
[White "ScarpaChess"]
[Black "szefru"]
[Result "1-0"]
[WhiteElo "2395"]
[BlackElo "2247"]
[TimeControl "180+1"]
[EndTime "11:58:37 PDT"]
[Termination "ScarpaChess won by resignation"]

1. c4 Nf6 2. Nc3 g6 3. e4 d6 4. d4 Bg7 5. Be2 O-O 6. Bg5 c5 7. d5 e6 8. Nf3 h6 9. Bf4 exd5 10. exd5 Re8 11. O-O a6 12. Bd3 Bg4 13. h3 Bxf3 14. Qxf3 Qc7 15. Bxh6 Bxh6 16. Qxf6 Bg7 17. Qf3 Nd7 18. Qd1 Ne5 19. Qc2 f5 20. Rae1 Qd7 21. f4 Nxd3 22. Qxd3 Rxe1 23. Rxe1 Re8 24. Qd2 b5 25. b3 bxc4 26. bxc4 Bd4+ 27. Kh2 Re7 28. Rxe7 Qxe7 29. Qe2 Be3 30. Kg3 Kf7 31. Kf3 Bd4 32.
Qxe7+ Kxe7 33. Ne2 Bb2 34. g4 Kf6 35. Ng3 fxg4+ 36.
hxg4 Ke7 37. Ne4 Bd4 38. Nd2 Bc3 39. Nb3 Bb2 40. Ke4 Kf6 41. Na5 Bc3 42. Nc6 Bd2 43. a4 Bc3 44. Nb8 a5 45. Nc6 Bd2 46. Na7 Bc3 47.
Nb5 Be1 48. Nxd6 1-0

[Event "*** Titled Tuesday Blitz"]
[Site "Chess.com"]
[Date "2020.10.20"]
[Round "10"]
[White "gumimis"]
[Black "MVM2008"]
[Result "1-0"]
[WhiteElo "2283"]
[BlackElo "2146"]
[TimeControl "180+1"]
[EndTime "11:58:37 PDT"]
[Termination "gumimis won on time"]

1. e4 d5 2. exd5 Nf6 3. Bb5+ Bd7 4. Be2 Nxd5 5. d4 c6 6. Nf3 e6 7. O-O Nf6 8. c4 Be7 9. Nc3 O-O 10. h3 a6 11. Bf4 b5 12. b3 c5 13. cxb5 axb5 14.
Bxb5 cxd4 15. Qxd4 Nc6 16. Qe3 Nd5 17. Nxd5 exd5 18. Rfd1 Bf6 19. Rac1 Rc8 20. Rxd5 Re8 21. Qd2 Qb6 22. Be3 Qb8 23. Ba6 Be6 24. Bxc8 Bxd5 25. Qxd5 Ne7 26. Qb7 Rxc8 27. Rxc8+ Qxc8 28. Qxc8+ Nxc8 29. Kf1 Be7 30. Ke2 Nd6 31. Kd3 f6 32. Nd4 Kf7 33. Nc6 Bf8 34. Bc5 Ke6 35. Nd4+ Kd5 36. Ba3 g6 37. Nb5 1-0

[Event "*** Titled Tuesday Blitz"]
[Site "Chess.com"]
[Date "2020.10.20"]
[Round "10"]
[White "BlackBoarder"]
[Black "Shahinyan_ChessMood"]
[Result "1-0"]
[WhiteElo "2609"]
[BlackElo "2721"]
[TimeControl "180+1"]
[EndTime "11:58:38 PDT"]
[Termination "BlackBoarder won by resignation"]

1. e4 d6 2. d4 Nf6 3. Nc3 e5 4.
Nf3 Nbd7 5. Bc4 Be7 6. O-O O-O 7. a4 c6 8. a5 h6 9. Re1 Re8 10. h3 Qc7 11. Ba2 Nf8 12. Be3 Be6 13. d5 cxd5 14.
Nxd5 Nxd5 15. Bxd5 Bxd5 16. Qxd5 Qxc2 17. Qxb7 Qc8 18.
a6 Rb8 19. Qxa7 Rxb2 20. Rec1 Qa8 21. Qxa8 Rxa8 22. a7 Bd8 23. Rcb1 Rxb1+ 24. Rxb1 Bc7 25. Rb7 Ne6 26. Bb6 Bxb6 27. Rb8+ Kh7 28. Rxa8 Kg6 29.
Nd2 Kf6 30. Nc4 Bc5 31. Nxd6 Nd4 32. Ne8+ Kg6 33. Nxg7 Kxg7 34. Rg8+ Kxg8 35. a8=Q+ Kg7 36. Qd5 Ne2+ 37. Kf1 Nf4 38. Qxc5 Nd3 39. Qd5 Nf4 40. Qxe5+ 1-0

[Event "*** Titled Tuesday Blitz"]
[Site "Chess.com"]
[Date "2020.10.20"]
[Round "10"]
[White "ViktoriyaTarasova"]
[Black "googlegoom"]
[Result "0-1"]
[WhiteElo "2258"]
[BlackElo "2372"]
[TimeControl "180+1"]
[EndTime "11:58:38 PDT"]
[Termination "googlegoom won by resignation"]

1. d4 d5 2. c4 c6 3. Nf3 Nf6 4. Nc3 e6 5. Bg5 Be7 6. e3 b6 7. Bd3 Bb7 8. O-O Nbd7 9. Qc2 dxc4 10. Bxc4 O-O 11. e4 Re8 12. e5 Nd5 13. Bxe7 Qxe7 14. Ne4 Red8 15. Neg5 Nf8 16. Ne4 c5 17.
dxc5 Nb4 18. Qe2 Bxe4 19. Qxe4 Qxc5 20. Rac1 Rac8 21. a3 Nd5 22. Rc2 b5 23. Bb3 Qb6 24. Rfc1 Rxc2 25. Rxc2 Nf4 26. Rc3 N8g6 27. g3 Nd5 28. Rc1 Nde7 29. h4 h5 30. Kg2 a5 31.
Ng5 a4 32. Ba2 Qd4 33. Qxd4 Rxd4 34. Rc5 b4 35. axb4 Rxb4 36. Rc2 Nxe5 37. f4 Nd3 38.
Rc7 Rxb2+ 39. Kf3 Rxa2 40. Rxe7 g6 41. Nxf7 a3 42. Nh6+ Kf8 43. Rf7+ Ke8 44. Ra7 Nb4 45. Ng8 Ra1 46. Nf6+ Kd8 47. Ne4 a2 48. Nc3 Rf1+ 49. Kg2 a1=Q 0-1

[Event "*** Titled Tuesday Blitz"]
[Site "Chess.com"]
[Date "2020.10.20"]
[Round "10"]
[White "Loy_Konstantin"]
[Black "Ze-Pequeno"]
[Result "1-0"]
[WhiteElo "2365"]
[BlackElo "2219"]
[TimeControl "180+1"]
[EndTime "11:58:38 PDT"]
[Termination "Loy_Konstantin won by resignation"]

1. e4 c5 2. Nf3 d6 3. d4 cxd4 4.
Qxd4 a6 5. c4 Nc6 6. Qd3 g6 7.
Nc3 Bg7 8. Be3 Nf6 9. Be2 Bg4 10. Rc1 Rc8 11. b3 O-O 12. O-O Qa5 13. Nd4 Ne5 14.
Qd2 Rfd8 15. h3 Bd7 16. Rfd1 Rb8 17. Bg5 Bc6 18. Bxf6 exf6 19. Nd5 Qxd2 20. Rxd2 Bxd5 21.
cxd5 Bh6 22. Rcd1 Bxd2 23. Rxd2 Rbc8 24. f4 Rc1+ 25. Kf2 Nd7 26. a4 Rdc8 27. Ke3 R8c3+ 28. Rd3 Rxd3+ 29. Kxd3 Nc5+ 30. Kd2 Rb1 31. Bf3 Nxb3+ 32. Kc2 Nxd4+ 33. Kxb1 Nxf3 34. gxf3 Kf8 35. Kb2 Ke8 36. Kc3 Kd7 37. a5 Kc7 38. Kc4 b6 39. axb6+ Kxb6 40. Kd4 a5 41. Kc4 Ka6 42. Kd4 Kb5 43. e5 fxe5+ 44. fxe5 dxe5+ 45. Kxe5 a4 46. Kf6 a3 47. d6 a2 48. d7 a1=Q+ 49. Kxf7 Kc6 50. d8=Q Qe5 51.
Qf6+ Qxf6+ 52. Kxf6 1-0

[Event "*** Titled Tuesday Blitz"]
[Site "Chess.com"]
[Date "2020.10.20"]
[Round "10"]
[White "Ariadna_Atreides"]
[Black "TC2304"]
[Result "1-0"]
[WhiteElo "2087"]
[BlackElo "2242"]
[TimeControl "180+1"]
[EndTime "11:58:39 PDT"]
[Termination "Ariadna_Atreides won by resignation"]

1. d4 d5 2. Nf3 Nf6 3. e3 c5 4. Bd3 Nc6 5. O-O cxd4 6. exd4 Bg4 7. c3 e6 8. Nbd2 Bd6 9. h3 Bh5 10. Qb3 Qc7 11. Re1 O-O 12. a4 Rac8 13. g4 Bg6 14. Bxg6 hxg6 15. Qd1 Bf4 16. Nf1 Ne4 17. Kg2 Na5 18.
Bxf4 Qxf4 19. Ne3 Nc4 20. Nxc4 Rxc4 21. Qe2 Rfc8 22. Ne5 R4c7 23. Qe3 Qf6 24. c4 g5 25.
c5 Qe7 26. f3 Nf6 27. Qxg5 b6 28.
b4 bxc5 29. bxc5 Rb7 30. Re2 Rb4 31. Qd2 a5 32. c6 Qa7 33. Rd1 Rxa4 34. h4 Rb4 35. h5 Ne8 36. h6 f6 37. Nd7 Rxc6 38. Nc5 Qf7 39. hxg7 Nxg7 40. Qh6 a4 41. Rh1 Kf8 42.
Qh8+ Ke7 43. Rh7 Qf8 44. Rxg7+ Ke8 45. Rg8 1-0

[Event "*** Titled Tuesday Blitz"]
[Site "Chess.com"]
[Date "2020.10.20"]
[Round "10"]
[White "Gerodot71"]
[Black "11kevin"]
[Result "1-0"]
[WhiteElo "2471"]
[BlackElo "2570"]
[TimeControl "180+1"]
[EndTime "11:58:41 PDT"]
[Termination "Gerodot71 won on time"]

1. d4 d5 2. c4 e6 3. Nf3 Nf6 4. g3 Be7 5. Bg2 O-O 6. O-O dxc4 7. Qc2 a6 8. a4 Bd7 9. Qxc4 Bc6 10. Bf4 Nbd7 11. Qc1 Qb8 12. Nc3 Bd6 13. Rd1 Qa7 14.
Bxd6 cxd6 15. Qf4 Qb8 16. Rac1 d5 17. Qh4 Qd6 18. Qf4 Qb4 19. Qd2 Bxa4 20. Nxa4 Qxa4 21.
Rc7 Qb5 22. Rdc1 Ne8 23. R7c2 Nd6 24. Ne5 Nxe5 25. dxe5 Nc4 26. Qd3 Qb6 27. Qc3 h6 28. e4 Rad8 29. exd5 exd5 30. Rd1 Qe6 31. f4 b5 32. b3 Nb6 33. Qd4 Rc8 34. Rdc1 Rxc2 35. Rxc2 g6 36. Rc7 Rc8 37. Rxc8+ Nxc8 38. Bxd5 Qf5 39.
Be4 Qe6 40. Qd8+ Kg7 41. Bd5 Qf5 42. h4 Qb1+ 43. Kh2 Qc2+ 44. Bg2 Qc5 45. h5 Ne7 46. Qd6 Qxd6 47. exd6 Kf6 48. d7 1-0

[Event "*** Titled Tuesday Blitz"]
[Site "Chess.com"]
[Date "2020.10.20"]
[Round "10"]
[White "bakki78"]
[Black "Mikasinski"]
[Result "1-0"]
[WhiteElo "2735"]
[BlackElo "2575"]
[TimeControl "180+1"]
[EndTime "11:58:42 PDT"]
[Termination "bakki78 won on time"]

1. e4 c5 2. c3 Nf6 3. e5 Nd5 4. Na3 Nc6 5. Nf3 d6 6. exd6 exd6 7. d4 cxd4 8. Nxd4 Nxd4 9. Qxd4 Nc7 10. Nb5 Ne6 11. Qd1 a6 12. Nd4 d5 13. Be2 Bd6 14.
O-O O-O 15. g3 Re8 16. Bf3 Be5 17. Be3 Nxd4 18. Bxd4 Bxd4 19. Qxd4 Be6 20. Rfe1 Qd7 21. Rad1 Red8 22. h4 Rac8 23. Re5 Rc4 24. Qe3 d4 25. cxd4 Rxd4 26. Rxd4 Qxd4 27. Qxd4 Rxd4 28. Bxb7 Rb4 29.
Bxa6 Rxb2 30. a4 Kf8 31. Bb5 Ra2 32. Kg2 Ke7 33. Re2 Ra3 34. Rd2 h5 35. Rd4 g6 36.
Rd2 Kf6 37. f3 Ke5 38. Kf2 Bd5 39. Rd3 Ra1 40. Ke3 Re1+ 41. Kd2 Ra1 42. Kc2 Ra2+ 43. Kb1 Rf2 44. f4+ Ke6 45. Re3+ Kd6 46. a5 Kc5 47. Be2 Kd4 48. Rd3+ Ke4 49. Rd2 Ke3 50. Rxd5 Rxe2 51. Re5+ 1-0

[Event "*** Titled Tuesday Blitz"]
[Site "Chess.com"]
[Date "2020.10.20"]
[Round "10"]
[White "canary2016"]
[Black "Cambek64"]
[Result "0-1"]
[WhiteElo "1954"]
[BlackElo "2305"]
[TimeControl "180+1"]
[EndTime "11:58:42 PDT"]
[Termination "Cambek64 won by checkmate"]

1. d4 d6 2. c4 e5 3. dxe5 dxe5 4. Qxd8+ Kxd8 5. Nf3 f6 6. Bd2 Be6 7. e3 Nd7 8. Nc3 c6 9. Bd3 Kc7 10. O-O Nc5 11. Be2 a5 12. Rfd1 Nh6 13. a3 a4 14.
Na2 Nf7 15. Nb4 Nd6 16. Nd3 Nxd3 17. Bxd3 Nxc4 18. Bc3 b5 19. Rac1 Be7 20. Nd2 Nxd2 21. Rxd2 h6 22. Rdc2 Bb3 23. Rd2 Rhd8 24. Bxb5 cxb5 25.
Ba5+ Kb7 26. Bxd8 Rxd8 27. Rxd8 Bxd8 28. Kf1 Be7 29. Ke1 e4 30. Kd2 Bc4 31. f3 f5 32.
Rd1 Bf6 33. Kc1 Bd3 34. g4 g6 35. fxe4 fxe4 36. Rg1 Bh4 37. Rg2 Kc6 38. Kd2 Kd5 39. h3 Kc4 40. Kc1 Kb3 41. Rd2 Bg5 42. Kd1 Bxe3 43.
Rg2 Bd4 44. Kc1 g5 45. h4 gxh4 46. Rh2 Bf6 47. Rh3 Bg5+ 48. Kd1 Kxb2 49. Ke1 Kxa3 50.
Kd1 Kb3 51. Ke1 b4 52. Kd1 a3 53. Ke1 a2 54. Kf2 a1=Q 55. Rh1 Qb2+ 56. Kg1 Be3# 0-1

[Event "*** Titled Tuesday Blitz"]
[Site "Chess.com"]
[Date "2020.10.20"]
[Round "10"]
[White "Gabrielian_Artur"]
[Black "MITerryble"]
[Result "1/2-1/2"]
[WhiteElo "2815"]
[BlackElo "2905"]
[TimeControl "180+1"]
[EndTime "11:58:44 PDT"]
[Termination "Game drawn by repetition"]

1. e4 e6 2. d4 d5 3. e5 c5 4. c3 Qb6 5. Nf3 Bd7 6. Be2 cxd4 7. cxd4 Bb5 8. Nc3 Bxe2 9. Qxe2 Nc6 10. Be3 Nge7 11. O-O Nf5 12. Rad1 Be7 13. Qd3 Nb4 14. Qb1 Qd8 15. a3 Nc6 16. Ne2 Rc8 17. Ng3 Nxg3 18. hxg3 Na5 19. Qd3 Nc4 20. Bc1 Qb6 21. Qe2 h6 22. g4 Qa6 23. g3 Rc6 24. Kg2 Kd7 25.
Rh1 Na5 26. Qxa6 bxa6 27. g5 h5 28. g4 g6 29. gxh5 gxh5 30. Rh3 Nb3 31. Bf4 a5 32. Rdh1 Rc2 33. Rxh5 Rxh5 34. Rxh5 Rxb2 35. Rh7 Ke8 36. Rh8+ Kd7 37. Rh7 Ke8 38. Rh8+ Kd7 39. Ra8 Bxa3 40.
Rxa7+ Ke8 41. g6 fxg6 42. Ra8+ Kd7 43. Ra7+ Ke8 44. Ra8+ Kd7 45. Be3 Be7 46. Ra7+ Ke8 47. Ra8+ Kd7 48. Ra7+ Ke8 49. Ra6 Kd7 50. Ra7+ 1/2-1/2

[Event "*** Titled Tuesday Blitz"]
[Site "Chess.com"]
[Date "2020.10.20"]
[Round "10"]
[White "Stalri"]
[Black "elohunter1999"]
[Result "0-1"]
[WhiteElo "2204"]
[BlackElo "2522"]
[TimeControl "180+1"]
[EndTime "11:58:44 PDT"]
[Termination "elohunter1999 won by resignation"]

1. d4 Nf6 2. c4 g6 3. Nc3 d5 4. e3 Bg7 5. Nf3 O-O 6. h4 c5 7. h5 cxd4 8. exd4 Bg4 9. cxd5 Nxd5 10. hxg6 hxg6 11. Bh6 Bxh6 12. Rxh6 Kg7 13. Qd2 Bxf3 14.
gxf3 Nxc3 15. bxc3 Nc6 16. Bd3 Rh8 17. Rxh8 Qxh8 18.
O-O-O Qh4 19. Qe3 Rc8 20. Kb2 e6 21. f4 Ne7 22. Qe5+ Qf6 23. Rh1 Nd5 24. c4 Qxe5 25. fxe5 Nb4 26. Kc3 Nd5+ 27. Kd2 Nb6 28. Rc1 Kf8 29. Kc3 Ke7 30. Kb3 Rd8 31. Kc3 Na4+ 32.
Kb4 Rxd4 33. Kxa4 Rxd3 34. Rb1 b6 35. Kb5 Ra3 36. Kc6 Rxa2 37. Rd1 Ra5 38. Rd7+ Kf8 39. Kd6 Rc5 40. Rxa7 Rxc4 41. Rb7 Rd4+ 42. Kc6 Rd5 43.
f4 Rd4 44. Rb8+ Kg7 45. Rxb6 Rxf4 46. Rb5 g5 47. Kd6 Rd4+ 48. Ke7 Rd5 49. Rb1 Rxe5 50. Rg1 Rf5 51. Rg2 Kg6 52. Rg1 Rf4 53. Kf8 g4 54. Ke7 Kg5 55. Kd6 Rf3 56. Ke5 g3 57. Ke4 Kg4 58. Rg2 f5+ 59. Kd4 Rf2 60. Rg1 g2 61.
Ke3 Kg3 62. Ra1 Rf1 0-1

[Event "*** Titled Tuesday Blitz"]
[Site "Chess.com"]
[Date "2020.10.20"]
[Round "10"]
[White "ExtremeLearner"]
[Black "NotFischer"]
[Result "1/2-1/2"]
[WhiteElo "2376"]
[BlackElo "2269"]
[TimeControl "180+1"]
[EndTime "11:58:45 PDT"]
[Termination "Game drawn by repetition"]

1. d4 Nf6 2. Nf3 e6 3. g3 d5 4.
Bg2 Be7 5. O-O O-O 6. c4 c6 7.
Qc2 Nbd7 8. b3 b6 9. Bb2 Bb7 10. Rd1 Rc8 11. Nc3 Re8 12. e4 dxe4 13. Ng5 h6 14.
Ngxe4 Nxe4 15. Nxe4 Qc7 16. Rac1 Bf8 17. h4 c5 18. d5 exd5 19. cxd5 Ne5 20. Qc3 Rcd8 21. d6 Qd7 22. Re1 Ng4 23. Rcd1 Qf5 24. f3 Bxe4 25.
fxg4 Qxg4 26. d7 Re7 27. Bxe4 Rxe4 28. Kf2 Qf5+ 29. Qf3 Qxf3+ 30. Kxf3 Rxe1 31. Rxe1 Rxd7 32. Re8 f6 33. Ra8 Kf7 34. Bc1 Bd6 35. h5 Be5 36.
Be3 f5 37. Bf4 Bxf4 38. Kxf4 Kf6 39. Rf8+ Ke6 40. Rg8 Rd4+ 41. Kf3 Kf7 42. Ra8 Rd7 43. Kf4 Kf6 44. Rf8+ Ke6 45. Re8+ Kf7 46. Ra8 1/2-1/2

[Event "*** Titled Tuesday Blitz"]
[Site "Chess.com"]
[Date "2020.10.20"]
[Round "10"]
[White "rugbyclub"]
[Black "MaxLeto"]
[Result "1-0"]
[WhiteElo "2190"]
[BlackElo "2297"]
[TimeControl "180+1"]
[EndTime "11:58:46 PDT"]
[Termination "rugbyclub won by resignation"]

1. c4 e5 2. Nc3 Nc6 3. Nf3 Nf6 4. e3 Bb4 5. Qc2 O-O 6. Nd5 Re8 7. Qf5 d6 8. Nxf6+ Qxf6 9. Qxf6 gxf6 10. a3 Bc5 11. b4 Bb6 12. Bb2 a5 13. b5 Nd8 14. Be2 Ne6 15. O-O-O Nc5 16. d4 Nb3+ 17. Kc2 a4 18. Nd2 exd4 19. Nxb3 axb3+ 20. Kxb3 dxe3 21. Bxf6 exf2 22. Bd3 Bg4 23. Rd2 Re1 24. Rf1 Rae8 25.
h3 Bd1+ 26. Rxd1 Rxd1 27. Rxd1 Re3 28. Kc2 Re1 29. Bc3 Rg1 30. g4 Kf8 31. a4 Ke7 32. a5 Bc5 33. a6 bxa6 34. bxa6 Kd7 35. Bb4 Ba7 36. Kd2 Kc8 37. Ke2 Kb8 38. Rf1 Bb6 39. Be4 Rg3 40. Bd2 Ka7 41. Bb7 Rxh3 42. Rxf2 Bxf2 43. Kxf2 Rh2+ 44. Ke3 Rg2 45. Bc3 Rxg4 46.
Bd4+ Kb8 47. Bf3 Rg5 48. a7+ Kc8 49. a8=Q+ Kd7 50. Qc6+ Ke6 1-0

[Event "*** Titled Tuesday Blitz"]
[Site "Chess.com"]
[Date "2020.10.20"]
[Round "10"]
[White "TomiLen"]
[Black "K_A_S_T_O_R"]
[Result "1-0"]
[WhiteElo "2646"]
[BlackElo "2812"]
[TimeControl "180+1"]
[EndTime "11:58:47 PDT"]
[Termination "TomiLen won by resignation"]

1. c4 c5 2. Nf3 Nf6 3. Nc3 e6 4.
e3 d5 5. d4 cxd4 6. exd4 Bb4 7. cxd5 Nxd5 8. Bd2 Nc6 9. Bd3 O-O 10. O-O Nf6 11. Be3 b6 12. Qe2 Be7 13. Rfd1 Nb4 14.
Bc4 Bb7 15. Ne5 Rc8 16. Rac1 Nbd5 17. Nxd5 Nxd5 18. Ba6 Rxc1 19. Bxc1 Qc8 20. Bxb7 Qxb7 21. Qf3 Bd6 22. Bd2 Rc8 23. g3 Rc7 24. h4 Qc8 25. h5 h6 26. Ng4 Bf8 27. Ne5 Bd6 28. Ng4 Qf8 29. Rc1 Rxc1+ 30. Bxc1 Qe7 31. Bd2 Qd7 32. Ne3 Nf6 33. d5 Be5 34. Nc4 Bc7 35.
dxe6 Qxe6 36. b3 b5 37. Ne3 Qh3 38. Bc3 Qxh5 39. Qa8+ Kh7 40. Bxf6 gxf6 41. Qxa7 Qe5 42. Qb7 Kg6 43. Kg2 Bd6 44. Qc8 Qe4+ 45. Kg1 Kh7 46.
Qf5+ Qxf5 47. Nxf5 Ba3 48. Nd4 b4 49. Nc2 Kg6 50.
Nxa3 bxa3 51. f4 Kf5 52. Kf2 Ke4 53. Ke2 h5 54. Kd2 Kd4 55. f5 Ke4 56. b4 Kd4 57. Kc2 Kc4 58. b5 Kxb5 59. Kb3 Kc5 60. Kxa3 Kd4 61. Kb3 Ke5 62. a4 Kxf5 63. a5 h4 64.
gxh4 Kg4 65. a6 f5 66. a7 f4 67. a8=Q Kxh4 68. Qf3 Kg5 69. Kc2 1-0

[Event "*** Titled Tuesday Blitz"]
[Site "Chess.com"]
[Date "2020.10.20"]
[Round "10"]
[White "Alexander_Zubov"]
[Black "xamax2000"]
[Result "1-0"]
[WhiteElo "2910"]
[BlackElo "2673"]
[TimeControl "180+1"]
[EndTime "11:58:47 PDT"]
[Termination "Alexander_Zubov won on time"]

1. d4 d5 2. c4 e6 3. Nf3 a6 4. cxd5 exd5 5. Nc3 c6 6. e4 dxe4 7. Ng5 Be7 8. Ngxe4 Nf6 9. Bc4 O-O 10. O-O Nbd7 11. Ng3 Nb6 12. Bb3 Nfd5 13. Nce4 Be6 14.
Re1 Nd7 15. a3 Re8 16. Qd3 Bf8 17. Bd2 h6 18. Bc2 g6 19. b4 Qh4 20. h3 Rad8 21. Rad1 N7f6 22. Qf3 Bg7 23. Nc5 Bc8 24. Nge4 Nxe4 25.
Bxe4 Nc7 26. Be3 Nb5 27. d5 Nc3 28. dxc6 Rxd1 29. Rxd1 b6 30. Nd7 Nxe4 31. Nxb6 Bf5 32. c7 Qe7 33. Rc1 Bc8 34. a4 Nd6 35. Nd5 Qe4 36.
Bf4 Qxf3 37. gxf3 Nf5 38. b5 axb5 39. axb5 Nd4 40. Rc5 Ne2+ 41. Kg2 Nxf4+ 42. Nxf4 Bf8 43. Rc4 Bb7 44. b6 Bd6 45. Rd4 Be5 46. Rd8 Kf8 47. Nd5 1-0

[Event "*** Titled Tuesday Blitz"]
[Site "Chess.com"]
[Date "2020.10.20"]
[Round "10"]
[White "boasovietica"]
[Black "KarstenHansch"]
[Result "1-0"]
[WhiteElo "2405"]
[BlackElo "2489"]
[TimeControl "180+1"]
[EndTime "11:58:47 PDT"]
[Termination "boasovietica won by checkmate"]

1. e4 c6 2. d4 d5 3. exd5 cxd5 4. Bd3 Nc6 5. c3 Nf6 6. Ne2 Bg4 7. O-O e6 8. Qe1 Bd6 9. f3 Bh5 10. Qh4 O-O 11.
Bxh7+ Kxh7 12. Bg5 Kg6 13. Bf4 Rh8 14. Qg3+ Kh7 15.
Bxd6 Bg6 16. Be5 Nxe5 17. Qxe5 Nd7 18. Qe3 Kg8 19. Nd2 Qh4 20. h3 Bf5 21. f4 Nf6 22. Nf3 Qh6 23. Ng5 Ne4 24. Nxe4 Bxe4 25. Ng3 Bg6 26.
Rae1 Rc8 27. f5 exf5 28. Nxf5 Bxf5 29. Rxf5 Qd6 30. Qe7 Qg6 31. Rg5 Qc2 32. Qf6 Rh7 33. Qe7 Rf8 34. Rxd5 g6 35. Rd8 Rxd8 36. Qxd8+ Kg7 37.
Qc7 Qxb2 38. Qe5+ Kg8 39. d5 f5 40. d6 Qb6+ 41. Kh1 Rf7 42. d7 Kh7 43. Qe8 Rxd7 44. Qxd7+ Kh6 45. Qd2+ Kg7 46. Qe3 Qb2 47. c4 Qxa2 48.
Qe7+ Kh6 49. Qh4+ Kg7 50. Re7+ Kf8 51. Qf6+ Kg8 52. Qg7# 1-0

[Event "*** Titled Tuesday Blitz"]
[Site "Chess.com"]
[Date "2020.10.20"]
[Round "10"]
[White "VladaSviridova"]
[Black "anpospan"]
[Result "1-0"]
[WhiteElo "2272"]
[BlackElo "2356"]
[TimeControl "180+1"]
[EndTime "11:58:47 PDT"]
[Termination "VladaSviridova won by resignation"]

1. d4 Nf6 2. c4 c5 3. d5 e6 4. Nc3 exd5 5. cxd5 d6 6. e4 g6 7. Bd3 Bg7 8. h3 a6 9. a4 O-O 10. Nf3 Nbd7 11. O-O h6 12. Re1 Qe7 13. Bf4 g5 14. Bh2 g4 15. hxg4 Nxg4 16. Bg3 Nde5 17. Be2 h5 18.
Nh4 Qg5 19. Qc1 Qxc1 20. Raxc1 Bd7 21. f4 Ng6 22. Nxg6 fxg6 23. Bxg4 Bd4+ 24. Kh2 Bxg4 25. f5 gxf5 26. Bxd6 f4 27. Bxf8 Rxf8 28. Rf1 Be5 29.
Kh1 f3 30. gxf3 Bxf3+ 31. Kg1 Rf4 32. Rc2 Rg4+ 33. Kf2 Rg2+ 34. Kxf3 Rxc2 35. Rg1+ Kf7 36. Rg5 Bxc3 37. bxc3 Rxc3+ 38. Kf4 Rc4 39. Kf5 Rxa4 40. Rxh5 Ra1 41. d6 Rf1+ 42. Ke5 Kg6 43. Rh8 Rd1 44.
Ke6 b5 45. d7 c4 46. d8=Q Rxd8 47. Rxd8 b4 48. Rb8 a5 49. Kd5 c3 50. Rc8 a4 51. Kc4 c2 52. Kxb4 Kf6 53. Rxc2 1-0